Map: Acid Plant LE

Players

JohnnyRebel

  • Race: Terran Terran
  • Spawn Location: 5:00

meowmeowcute - Winner!

  • Race: Protoss Protoss
  • Spawn Location: 11:00

VOD

Have the link to the VOD?

Description

Time

  • Played on: June 27, 2018, 2:44 p.m.
  • Length: 16:51
Show
View Real Time Build Order
Export as new Build Order

JohnnyRebel Terran 

Build Orders: MMM Bio 

Get SALT Encoding   

  12  0:02  SCV  
  13  0:14  SCV  
  14  0:22  Supply Depot  
  14  0:26  SCV  
  15  0:40  Supply Depot  
  15  0:43  SCV  
  16  0:51  Barracks  
  16  0:56  SCV  
  17  1:04  Barracks  
  17  1:11  SCV  
  18  1:18  Refinery  
  18  1:29  SCV  
  19  1:55  Bunker  
  19  2:08  Command Center  
  19  2:32  Barracks Reactor  
  19  2:33  Supply Depot  
  19  2:44  Barracks Reactor  
  19  2:56  Refinery  
  19  2:57  Engineering Bay x2  
  19  2:58  Refinery  
  19  3:04  Supply Depot  
  19  3:13  Marine x2  
  21  3:20  SCV  
  21  3:26  Terran Infantry Weapons Level 1  
  22  3:34  Marine  
  22  3:35  Marine  
  22  3:36  Marine x2  
  22  3:39  Terran Infantry Armor Level 1  
  26  3:43  Refinery  
  26  3:46  SCV  
  27  3:57  Orbital Command  
  27  4:20  Marine x2  
  27  4:21  Marine x2  
  31  4:26  SCV  
  31  4:27  SCV  
  33  4:38  SCV  
  34  4:47  Factory  
  34  4:52  SCV  
  35  4:54  SCV  
  36  5:11  Marine  
  36  5:12  Marine x2  
  36  5:13  Marine  
  40  5:18  Barracks  
  40  5:29  Marine x2  
  40  5:30  Marine x2  
  44  5:38  SCV  
  44  5:39  SCV  
  44  5:40  Factory Reactor  
  46  5:44  Starport  
  46  5:50  SCV  
  46  5:51  SCV  
  46  5:56  Armory  
  48  6:03  Marine x2  
  50  6:07  Barracks Reactor  
  50  6:12  Barracks Tech Lab  
  50  6:15  SCV  
  50  6:17  SCV  
  52  6:29  SCV  
  53  6:34  SCV  
  54  6:41  Medivac x2  
  54  6:42  Marine  
  54  6:43  Marine x3  
  54  6:46  Stimpack  
  62  6:49  Terran Infantry Weapons Level 2  
  62  6:52  Terran Infantry Armor Level 2  
  62  7:26  Supply Depot x2  
  62  7:38  Command Center  
  62  7:47  Marine x2  
  62  7:48  Marauder, Medivac x2, Sensor Tower  
  70  7:54  Supply Depot  
  70  7:56  Terran Vehicle And Ship Armor Level 1  
  70  8:02  Factory Tech Lab  
  70  8:18  Medivac x2, Marine x2  
  70  8:19  Marine x2  
  78  8:30  SCV  
  78  8:33  SCV  
  80  8:40  Siege Tank  
  83  8:45  SCV  
  83  8:47  Combat Shields  
  84  8:57  SCV  
  85  9:24  Marine x2  
  85  9:26  Marine x2  
  89  9:34  Marauder  
  91  10:08  Terran Infantry Armor Level 3, Terran Infantry Weapons Level 3  
  91  10:21  Orbital Command  
  91  11:00  Viking x2  
  95  11:11  Supply Depot  
  95  11:14  Starport  
  95  11:23  Refinery  
  95  11:26  Refinery  
  95  11:57  Medivac, Viking  
  67  12:46  Factory  
  25  14:37  SCV  
  6  14:41  Starport, Factory Reactor  
  6  14:49  SCV  
  5  15:01  SCV  
  5  15:04  Supply Depot  
  6  15:07  Supply Depot  
  6  15:13  SCV  
  7  15:21  Liberator x2  
  7  15:25  SCV  
  8  15:37  SCV  
  15  15:49  Supply Depot, SCV  
  16  16:01  SCV  
  17  16:20  Supply Depot  
Show
View Real Time Build Order
Export as new Build Order

meowmeowcute Protoss - Winner!

Build Orders:  

Get SALT Encoding   

  12  0:11  Probe  
  12  0:16  Pylon  
  12  0:21  Probe  
  14  0:37  Gateway  
  14  0:39  Probe  
  15  0:47  Assimilator  
  15  0:51  Probe  
  16  1:04  Probe  
  17  1:16  Probe  
  18  1:25  Zealot, Probe  
  21  1:34  Pylon, Probe  
  22  1:44  Assimilator  
  22  1:54  Probe  
  22  1:57  Zealot  
  25  2:10  Gateway x2  
  25  2:13  Pylon, Probe  
  25  2:21  Probe  
  27  2:30  Probe  
  28  2:37  Cybernetics Core  
  28  2:45  Forge  
  28  3:01  Probe  
  29  3:06  Zealot  
  31  3:13  Probe  
  32  3:25  Zealot, Probe  
  32  3:27  Zealot  
  37  3:35  Probe  
  38  3:43  Probe  
  38  3:44  Warp Gate  
  38  3:45  Pylon  
  38  3:46  Pylon  
  38  3:48  Pylon  
  39  4:03  Zealot  
  39  4:04  Stargate, Protoss Shields Level 1  
  41  4:15  Gateway  
  41  4:40  Probe  
  42  4:50  Photon Cannon x2  
  42  5:02  Nexus  
  42  5:21  Fleet Beacon  
  42  5:55  Protoss Air Armor Level 1  
  42  5:56  Protoss Ground Weapons Level 1  
  42  6:08  Graviton Catapult  
  42  6:12  Carrier  
  48  6:30  Pylon, Probe  
  48  6:38  Probe  
  49  6:40  Assimilator, Probe  
  49  6:44  Assimilator  
  51  6:48  Probe x2  
  51  6:49  Stalker  
  55  6:55  Stalker  
  55  6:58  Probe  
  55  7:00  Probe  
  59  7:07  Stargate  
  59  7:10  Probe  
  59  7:12  Probe  
  61  7:22  Probe  
  62  7:34  Robotics Facility  
  62  7:38  Stalker  
  62  7:39  Stalker  
  66  7:50  Mothership  
  74  8:07  Nexus  
  74  8:43  Stalker  
  74  8:44  Stalker x2  
  74  8:45  Stalker  
  82  9:02  Probe  
  83  9:10  Probe  
  84  9:18  Pylon, Probe  
  84  9:19  Pylon  
  84  9:20  Pylon  
  85  9:26  Probe  
  85  9:27  Probe  
  85  9:28  Assimilator  
  87  9:33  Assimilator  
  87  9:34  Probe  
  87  9:35  Protoss Air Weapons Level 1, Tempest  
  87  9:38  Protoss Ground Armor Level 1  
  87  9:39  Carrier, Probe  
  87  9:44  Probe  
  102  9:56  Probe  
  103  10:08  Probe  
  104  10:25  Probe  
  105  10:33  Probe  
  105  10:40  Stalker x2  
  105  10:41  Stalker, Probe  
  105  10:42  Stalker  
  114  10:47  Tempest  
  121  10:54  Probe  
  122  11:04  Stalker  
  122  11:06  Probe  
  125  11:24  Pylon  
  125  11:25  Pylon  
  125  11:28  Pylon  
  125  11:38  Probe  
  125  11:39  Pylon  
  125  11:40  Pylon  
  125  11:41  Tempest  
  125  11:42  Pylon  
  125  11:46  Probe  
  133  11:56  Probe  
  127  12:02  Stalker x2  
  127  12:03  Stalker  
  127  12:08  Probe  
  125  12:20  Probe  
  115  12:48  Gateway  
  115  12:52  Gateway  
  114  13:20  Gateway  
  110  13:42  Nexus  
  58  14:45  Probe  
  59  14:53  Probe  
  60  15:01  Probe  
  60  15:05  Probe  
  61  15:09  Probe  
  61  15:14  Probe  
  63  15:21  Probe  
  64  15:23  Probe  
  66  15:35  Probe  
  67  15:48  Probe  
  67  15:49  Probe  
  68  15:53  Pylon  
  68  15:57  Pylon, Probe  
  69  16:00  Probe  
  69  16:01  Pylon  
  71  16:06  Probe  
  72  16:12  Probe  
  72  16:18  Probe  
  74  16:24  Probe  
  75  16:30  Probe  
  75  16:31  Zealot x2  
  75  16:32  Zealot  
Tags
 
Composition
MMM Bio
Matchup
PvT
Spawn Locations
Cross Positions
Add a new tag
Caveats
  • Supply blocks, unpowered buildings, or Contaminate may cause inaccurate times.
  • Supply counts are checked every 10 seconds.